cohdb
Replays
Latest Replays
All Replays
Popular Replays
Top Player Replays
Match Explorer
How It Works
Community
CoH3 Stats
Reddit
Sign in to upload your games and track your stats! →
Sign in with Steam
Match 47072648
Unlisted
Match 47072648
Overview
Messages
Build Orders
End
Construct Barracks
Selects Heavy Weapons
Construct Weapon Support Center
Engineer Squad
M1919 Machine Gun Team
Engineer Squad
Mechanized Support Center
M3 Armored Personnel Carrier
Selects Assault Carriers
Bazooka Squad
Improvised Armor
M3 Assault Carrier
Bazooka Squad
Selects M2HB .50cal Heavy Machine Gun
Designate Forward Repair Station
Construct Tank Depot
Selects Halftrack Strongpoints
Construct Medical Station
Salvage Crew
M4(105) Sherman Bulldozer
Improved M9 Bazooka Rockets
Dahlian
Random_Target
🅲🅾🅾🅺🅴🅳
Humbarwhy
Ruffe
EpikSkillz
CiachBajera
Artamoule
0
0
Comments
sign in to comment!
No comments posted yet!